Jets vs Capitals
Created - November 7, 2017 at 19:10
Goals
|
| Jets |
1 |
2 |
0 |
3 |
| Capitals |
2 |
2 |
2 |
6 |
|
Shots
|
| Jets |
9 |
9 |
14 |
32 |
| Capitals |
6 |
16 |
20 |
42 |
|
1st period
1. Capitals , Brian Boyle 4 (Paul Martin 6, T.J. Oshie 3) at 4:49
2. Capitals , Chris Phillips 2 (Shane Doan 4, Jaromir Jagr 5) at 6:02
3. Jets , Travis Hamonic 1 (Derek Roy 5, Benoit Pouliot 9) at 9:43
Penalties :
Jaromir Jagr (Was) for Cross-checking (Minor) at 18:51
2nd period
4. Jets , Derek Stepan 7 (Mikko Koivu 3, Marco Scandella 8) at 0:42 (PP)
5. Jets , Dustin Brown 3 (Derek Roy 6, Benoit Pouliot 10) at 3:07
6. Capitals , Joe Thornton 6 (Paul Martin 7, Patrick Marleau 5) at 13:55 (PP)
7. Capitals , Mats Zuccarello 2 (Artemi Panarin 5, Tyler Seguin 8) at 15:16
Penalties :
Marcus Johansson (Win) for Interference (Minor) at 13:02, Eric Fehr (Win) for Slashing (Minor) at 19:09
3rd period
8. Capitals , Shane Doan 1 (Jay Beagle 3) at 4:46
9. Capitals , Patrick Marleau 4 (Joe Thornton 6, Jaromir Jagr 6) at 11:17
Penalties :
Dan Boyle (Was) for Slashing (Minor) at 5:11, Matt Carle (Was) for High sticking (Minor) at 14:01
Goalie Stats
Jacob Markstrom (Win), 36 saves from 42 shots - (0.857), L, 5-3-1, 60:00 minutes
Craig Anderson (Was), 29 saves from 32 shots - (0.906), W, 5-5-1, 60:00 minutes
Players Stats for Jets
Player Name G A P +/- PIM S H SB GA TA FO MP PP MP PK MP
------------------------------------------------------------------------------------
Anton Volchenkov 0 0 0 1 0 1 0 1 0 1 0/0 19:32 2:09 0:46
Benoit Pouliot 0 2 2 1 0 6 1 0 0 0 1/1 21:56 3:11 0:01
Derek Roy 0 2 2 1 0 3 1 1 0 0 21/37 23:53 3:11 2:31
Derek Stepan 1 0 1 -2 0 3 2 2 0 0 6/20 16:44 2:26 0:00
Dustin Brown 1 0 1 1 0 3 1 0 1 1 2/2 21:22 3:11 0:00
Eric Fehr 0 0 0 -1 2 2 0 0 0 0 0/0 9:19 0:12 0:00
Eric Gelinas 0 0 0 -2 0 0 0 1 0 0 0/0 14:38 0:00 0:00
Erik Haula 0 0 0 -1 0 2 0 1 0 0 0/0 12:36 0:12 2:31
James Wright 0 0 0 -1 0 1 0 1 0 0 0/3 9:07 0:12 0:20
Josh Bailey 0 0 0 -1 0 0 1 1 0 0 0/0 9:42 0:00 0:00
Kevin Klein 0 0 0 -2 0 0 1 1 0 1 0/0 10:44 0:00 0:00
Lee Stempniak 0 0 0 -2 0 3 2 0 0 0 0/2 14:18 0:00 0:00
Marco Scandella 0 1 1 -2 0 2 1 5 2 0 0/0 28:57 3:40 0:46
Marcus Johansson 0 0 0 -2 2 1 2 0 1 0 0/1 16:43 2:26 0:00
Michael Rupp 0 0 0 -1 0 0 0 0 1 0 0/0 8:44 0:00 0:20
Mikko Koivu 0 1 1 -1 0 2 1 0 0 0 0/4 12:42 2:26 0:01
Travis Hamonic 1 0 1 1 0 2 0 0 0 1 0/0 20:19 2:09 2:06
Tyler Myers 0 0 0 -2 0 1 1 6 1 1 0/0 25:50 3:40 2:06
Players Stats for Capitals
Player Name G A P +/- PIM S H SB GA TA FO MP PP MP PK MP
------------------------------------------------------------------------------------
Artemi Panarin 0 1 1 0 0 4 1 0 0 0 0/0 18:14 0:50 1:47
Brian Boyle 1 0 1 1 0 2 1 0 0 0 3/4 11:06 0:00 0:40
Chris Kunitz 0 0 0 1 0 4 0 0 0 1 0/0 11:08 0:00 0:29
Chris Phillips 1 0 1 1 0 2 1 1 0 0 0/0 11:52 0:00 1:12
Christian Ehrhoff 0 0 0 1 0 1 0 3 0 0 0/0 19:29 0:40 2:54
Dan Boyle 0 0 0 1 2 2 2 4 2 0 0/0 28:39 2:12 1:43
Erik Karlsson 0 0 0 1 0 1 0 0 1 1 0/0 19:26 0:40 2:52
Jaromir Jagr 0 2 2 0 2 3 1 3 0 2 0/3 23:02 2:02 1:49
Jay Beagle 0 1 1 2 0 1 2 0 0 0 1/2 5:51 0:00 0:00
Joe Thornton 1 1 2 0 0 5 0 3 1 1 18/35 24:28 2:02 3:14
Mats Zuccarello 1 0 1 0 0 5 1 2 0 1 1/2 17:12 0:50 0:46
Matt Carle 0 0 0 1 2 0 1 0 0 0 0/0 11:30 0:00 0:02
Mike Hoffman 0 0 0 2 0 0 0 0 0 0 0/0 5:51 0:00 0:00
Patrick Marleau 1 1 2 0 0 2 2 3 1 0 2/2 22:00 2:02 0:46
Paul Martin 0 2 2 1 0 2 1 0 0 0 0/0 29:17 2:12 2:55
Shane Doan 1 1 2 2 0 3 1 0 0 0 2/2 8:12 0:00 2:07
T.J. Oshie 0 1 1 1 0 4 0 1 0 0 0/0 10:25 0:00 0:00
Tyler Seguin 0 1 1 0 0 1 1 0 0 0 13/20 16:26 0:50 0:00
3 Stars
1 - Shane Doan (Was)
2 - Patrick Marleau (Was)
3 - Joe Thornton (Was)
Power Play
Jets - 1 on 3 Attempt(s) - 33.33%
Capitals - 1 on 2 Attempt(s) - 50.00%
Penalty Kill
Jets - 1 on 2 Attempt(s) - 50.00%
- Score 0 goal in Penalty Kill
Capitals - 2 on 3 Attempt(s) - 66.67%
- Score 0 goal in Penalty Kill
Team Stat
Jets - Hits : 14 - Faceoff Wins : 30 - Blocked Shots : 20 - Penalty Minutes : 4
Capitals - Hits : 15 - Faceoff Wins : 40 - Blocked Shots : 20 - Penalty Minutes : 6
Official
Referees : Auger Stephane and Pollock Kevin
Linesman : Derek Amell and Brian Murphy
Game Notes
No Game Note
Finance
Level 1 -- Attendance: 5700 (95.00%) -- Ticket Income $467,400
Level 2 -- Attendance: 5000 (100.00%) -- Ticket Income $235,000
Level 3 -- Attendance: 2000 (100.00%) -- Ticket Income $64,000
Level 4 -- Attendance: 3725 (93.13%) -- Ticket Income $78,225
Luxury Box -- Attendance: 804 (80.40%) -- Ticket Income $135,072
Game was played at the Verizon Center.
Total Attendance: 17229 (95.72%)
Total Ticket Income: $979,697
Other Income: $146,955
Total Income: $1,126,652
Jets
5 vs 5 Forward
Center Left Wing Right Wing Time % Phy DF OF
1 Derek Roy Benoit Pouliot Dustin Brown 37 1 2 2
2 Derek Stepan Marcus Johansson Lee Stempniak 30 1 2 2
3 Mikko Koivu Erik Haula Josh Bailey 20 1 2 2
4 James Wright Michael Rupp Eric Fehr 13 1 2 2
5 vs 5 Defense
Defense Defense Time % Phy DF OF
1 Marco Scandella Tyler Myers 40 1 2 2
2 Anton Volchenkov Travis Hamonic 30 1 2 2
3 Eric Gelinas Kevin Klein 20 1 2 2
4 Marco Scandella Eric Gelinas 10 1 2 2
PowerPlay Forward
Center Left Wing Right Wing Time % Phy DF OF
1 Derek Roy Benoit Pouliot Dustin Brown 60 0 1 4
2 Derek Stepan Marcus Johansson Mikko Koivu 40 0 1 4
PowerPlay Defense
Defense Defense Time % Phy DF OF
1 Tyler Myers Marco Scandella 60 0 2 3
2 Travis Hamonic Anton Volchenkov 40 0 2 3
Penalty Kill 4 Players Forward
Center Wing Time % Phy DF OF
1 Derek Roy Erik Haula 60 0 4 1
2 James Wright Michael Rupp 40 0 4 1
Penalty Kill 4 Players Defense
Defense Defense Time % Phy DF OF
1 Travis Hamonic Tyler Myers 60 0 5 0
2 Marco Scandella Anton Volchenkov 40 0 5 0
Penalty Kill - 3 Players Forward
Forward Time % Phy DF OF
1 Erik Haula 60 1 2 2
2 James Wright 40 1 2 2
Penalty Kill - 3 Players Defense
Defense Defense Time % Phy DF OF
1 Tyler Myers Travis Hamonic 60 1 2 2
2 Anton Volchenkov Marco Scandella 40 1 2 2
4 vs 4 Forward
Center Wing Time % Phy DF OF
1 Mikko Koivu Benoit Pouliot 60 1 2 2
2 Derek Stepan Dustin Brown 40 1 2 2
4 vs 4 Defense
Defense Defense Time % Phy DF OF
1 Marco Scandella Tyler Myers 60 1 2 2
2 Eric Gelinas Travis Hamonic 40 1 2 2
Last Minutes Offensive
Center Left Wing Right Wing Defense Defense
Derek Roy Benoit Pouliot Mikko Koivu Marco Scandella Tyler Myers
Last Minutes Defensive
Center Left Wing Right Wing Defense Defense
Derek Roy Erik Haula Dustin Brown Travis Hamonic Tyler Myers
Goaltenders
Starting : Jacob Markstrom
Backup : Kari Lehtonen
Extra Forwards
Normal : Derek Roy, Benoit Pouliot, Dustin Brown - PP : Derek Roy, Benoit Pouliot - PK : Derek Roy
Extra Defensemen
Normal : Travis Hamonic, Anton Volchenkov, Tyler Myers - PP : Travis Hamonic - PK : Marco Scandella, Anton Volchenkov
Penalty Shots
Mikko Koivu, Benoit Pouliot, Dustin Brown, Eric Fehr, Anton Volchenkov
Scratches
Fredrik Sjostrom (Healthy), Marcel Hossa (Healthy), Tomas Kundratek (Healthy)
Capitals
5 vs 5 Forward
Center Left Wing Right Wing Time % Phy DF OF
1 Joe Thornton Patrick Marleau Jaromir Jagr 40 1 2 2
2 Tyler Seguin Artemi Panarin Mats Zuccarello 30 1 2 2
3 Brian Boyle Chris Kunitz T.J. Oshie 20 1 2 2
4 Jay Beagle Mike Hoffman Shane Doan 10 1 2 2
5 vs 5 Defense
Defense Defense Time % Phy DF OF
1 Dan Boyle Paul Martin 40 1 2 2
2 Christian Ehrhoff Erik Karlsson 30 1 2 2
3 Matt Carle Chris Phillips 20 1 2 2
4 Dan Boyle Paul Martin 10 1 2 2
PowerPlay Forward
Center Left Wing Right Wing Time % Phy DF OF
1 Joe Thornton Patrick Marleau Jaromir Jagr 60 1 2 2
2 Tyler Seguin Artemi Panarin Mats Zuccarello 40 1 2 2
PowerPlay Defense
Defense Defense Time % Phy DF OF
1 Dan Boyle Paul Martin 60 1 2 2
2 Christian Ehrhoff Erik Karlsson 40 1 2 2
Penalty Kill 4 Players Forward
Center Wing Time % Phy DF OF
1 Joe Thornton Jaromir Jagr 60 1 2 2
2 Patrick Marleau Mats Zuccarello 40 1 2 2
Penalty Kill 4 Players Defense
Defense Defense Time % Phy DF OF
1 Dan Boyle Paul Martin 60 1 2 2
2 Christian Ehrhoff Erik Karlsson 40 1 2 2
Penalty Kill - 3 Players Forward
Forward Time % Phy DF OF
1 Joe Thornton 60 1 2 2
2 Jaromir Jagr 40 1 2 2
Penalty Kill - 3 Players Defense
Defense Defense Time % Phy DF OF
1 Dan Boyle Paul Martin 60 1 2 2
2 Christian Ehrhoff Erik Karlsson 40 1 2 2
4 vs 4 Forward
Center Wing Time % Phy DF OF
1 Joe Thornton Jaromir Jagr 60 1 2 2
2 Patrick Marleau Mats Zuccarello 40 1 2 2
4 vs 4 Defense
Defense Defense Time % Phy DF OF
1 Dan Boyle Paul Martin 60 1 2 2
2 Christian Ehrhoff Erik Karlsson 40 1 2 2
Last Minutes Offensive
Center Left Wing Right Wing Defense Defense
Joe Thornton Patrick Marleau Jaromir Jagr Dan Boyle Paul Martin
Last Minutes Defensive
Center Left Wing Right Wing Defense Defense
Joe Thornton Patrick Marleau Jaromir Jagr Dan Boyle Paul Martin
Goaltenders
Starting : Craig Anderson
Backup : Jake Allen
Extra Forwards
Normal : T.J. Oshie, Chris Kunitz, Shane Doan - PP : T.J. Oshie, Chris Kunitz - PK : Shane Doan
Extra Defensemen
Normal : Matt Carle, Chris Phillips, Christian Ehrhoff - PP : Matt Carle - PK : Chris Phillips, Christian Ehrhoff
Penalty Shots
Joe Thornton, Jaromir Jagr, Patrick Marleau, Mats Zuccarello, Tyler Seguin
Scratches
None
% Time on Ice - Jets
Lines # - Real PCT - Wanted PCT - Time Play
Normal Forward
1 - 37% - 37% - 18:55
2 - 28% - 30% - 14:18
3 - 19% - 20% - 9:42
4 - 16% - 13% - 8:24
Normal Defense
1 - 39% - 40% - 20:04
2 - 32% - 30% - 16:37
3 - 21% - 20% - 10:33
4 - 8% - 10% - 4:05
PP Forward
1 - 57% - 60% - 3:20
2 - 43% - 40% - 2:29
PP Defense
1 - 63% - 60% - 3:40
2 - 37% - 40% - 2:09
PK Forward
1 - 88% - 60% - 2:32
2 - 12% - 40% - 0:20
PK Defense
1 - 73% - 60% - 2:06
2 - 27% - 40% - 0:46
PK3 Forward
1 - 0% - 60%
2 - 0% - 40%
PK3 Defense
1 - 0% - 60%
2 - 0% - 40%
44 Forward
1 - 0% - 60%
2 - 0% - 40%
44 Defense
1 - 0% - 60%
2 - 0% - 40%
Last Minute Offensive - 0:00
Last Minute Defensive - 0:00
Total
Forward - 60:00
Defense - 60:00
|
% Time on Ice - Capitals
Lines # - Real PCT - Wanted PCT - Time Play
Normal Forward
1 - 38% - 40% - 19:27
2 - 30% - 30% - 15:36
3 - 20% - 20% - 10:25
4 - 11% - 10% - 5:51
Normal Defense
1 - 39% - 40% - 20:04
2 - 31% - 30% - 15:54
3 - 21% - 20% - 10:40
4 - 9% - 10% - 4:41
PP Forward
1 - 71% - 60% - 2:02
2 - 29% - 40% - 0:50
PP Defense
1 - 77% - 60% - 2:12
2 - 23% - 40% - 0:40
PK Forward
1 - 87% - 60% - 5:03
2 - 13% - 40% - 0:46
PK Defense
1 - 51% - 60% - 2:57
2 - 49% - 40% - 2:52
PK3 Forward
1 - 0% - 60%
2 - 0% - 40%
PK3 Defense
1 - 0% - 60%
2 - 0% - 40%
44 Forward
1 - 0% - 60%
2 - 0% - 40%
44 Defense
1 - 0% - 60%
2 - 0% - 40%
Last Minute Offensive - 0:00
Last Minute Defensive - 0:00
Total
Forward - 60:00
Defense - 60:00
|
Play by Play
1st period
0:01 of 1st period - Derek Roy wins face-off versus Joe Thornton in neutral zone.
0:04 of 1st period - Dan Boyle is hit by Derek Roy and loses puck.
1:08 of 1st period - Eric Fehr is hit by Jaromir Jagr and loses puck.
1:31 of 1st period - Snap shot by Benoit Pouliot.
1:31 of 1st period - Stopped by Craig Anderson without a rebound.
1:32 of 1st period - Derek Roy wins face-off versus Tyler Seguin in Capitals zone.
2:06 of 1st period - Chris Phillips is hit by Lee Stempniak and loses puck.
2:31 of 1st period - Snap shot by Michael Rupp.
2:31 of 1st period - Shot Misses the Net.
2:35 of 1st period - Snap shot by Eric Fehr.
2:35 of 1st period - Deflect By Matt Carle.
2:35 of 1st period - Shot Misses the Net.
2:35 of 1st period - Puck is out of play.
2:36 of 1st period - Derek Stepan wins face-off versus Brian Boyle in Capitals zone.
3:44 of 1st period - Jaromir Jagr is hit by Marco Scandella and loses puck.
3:50 of 1st period - Icing by Paul Martin.
3:51 of 1st period - Dustin Brown wins face-off versus Joe Thornton in Capitals zone.
4:18 of 1st period - Jaromir Jagr is hit by Kevin Klein and loses puck.
4:25 of 1st period - Snap shot by Josh Bailey.
4:25 of 1st period - Shot Misses the Net.
4:43 of 1st period - Snap shot by Chris Kunitz.
4:43 of 1st period - Shot Blocked by Tyler Myers.
4:45 of 1st period - Snap shot by T.J. Oshie.
4:45 of 1st period - Shot Blocked by Derek Stepan.
4:47 of 1st period - Slapshot by Paul Martin.
4:47 of 1st period - Stopped by Jacob Markstrom with a rebound.
4:49 of 1st period - Snap shot by Brian Boyle.
4:49 of 1st period - Goal by Brian Boyle - Jets : 0 - Capitals : 1.
4:50 of 1st period - Tyler Seguin wins face-off versus Derek Roy in neutral zone.
5:01 of 1st period - Snap shot by Tyler Seguin.
5:01 of 1st period - Shot Blocked by Marco Scandella.
5:03 of 1st period - Snap shot by Tyler Seguin.
5:03 of 1st period - Shot Misses the Net.
6:02 of 1st period - Slapshot by Chris Phillips.
6:02 of 1st period - Goal by Chris Phillips - Jets : 0 - Capitals : 2.
6:03 of 1st period - Tyler Seguin wins face-off versus Derek Roy in neutral zone.
6:32 of 1st period - Icing by Eric Gelinas.
6:33 of 1st period - Joe Thornton wins face-off versus Lee Stempniak in Jets zone.
6:34 of 1st period - Snap shot by Jaromir Jagr.
6:34 of 1st period - Stopped by Jacob Markstrom without a rebound.
6:35 of 1st period - Dustin Brown wins face-off versus Joe Thornton in Jets zone.
6:40 of 1st period - Slapshot by Derek Roy.
6:40 of 1st period - Shot Blocked by Jaromir Jagr.
6:44 of 1st period - Snap shot by Derek Roy.
6:44 of 1st period - Shot Misses the Net.
6:46 of 1st period - Snap shot by Benoit Pouliot.
6:46 of 1st period - Shot Blocked by Jaromir Jagr.
6:48 of 1st period - Wrist shot by Derek Roy.
6:48 of 1st period - Stopped by Craig Anderson with a rebound.
6:50 of 1st period - Slapshot by Anton Volchenkov.
6:50 of 1st period - Deflect By Benoit Pouliot.
6:50 of 1st period - Shot Blocked by Patrick Marleau.
6:50 of 1st period - Puck is out of play.
6:51 of 1st period - Tyler Seguin wins face-off versus Mikko Koivu in Capitals zone.
7:16 of 1st period - Chris Kunitz is hit by Derek Stepan and loses puck.
7:38 of 1st period - Slapshot by Derek Roy.
7:38 of 1st period - Shot Misses the Net.
7:44 of 1st period - Dustin Brown is hit by Jay Beagle and loses puck.
7:59 of 1st period - Wrist shot by Michael Rupp.
7:59 of 1st period - Shot Misses the Net.
8:09 of 1st period - James Wright is hit by Patrick Marleau and loses puck.
8:42 of 1st period - Wrist shot by Eric Fehr.
8:42 of 1st period - Stopped by Craig Anderson without a rebound.
8:43 of 1st period - Tyler Seguin wins face-off versus Derek Roy in Capitals zone.
9:05 of 1st period - Slapshot by Mats Zuccarello.
9:05 of 1st period - Shot Blocked by Anton Volchenkov.
9:39 of 1st period - Slapshot by Derek Roy.
9:39 of 1st period - Shot Blocked by Mats Zuccarello.
9:41 of 1st period - Snap shot by Derek Roy.
9:41 of 1st period - Shot Misses the Net.
9:43 of 1st period - Slapshot by Travis Hamonic.
9:43 of 1st period - Goal by Travis Hamonic - Jets : 1 - Capitals : 2.
9:44 of 1st period - Derek Stepan wins face-off versus Jaromir Jagr in neutral zone.
10:14 of 1st period - Paul Martin is hit by Josh Bailey and loses puck.
10:40 of 1st period - Snap shot by Jay Beagle.
10:40 of 1st period - Stopped by Jacob Markstrom with a rebound.
12:14 of 1st period - Snap shot by Eric Fehr.
12:14 of 1st period - Stopped by Craig Anderson without a rebound.
12:15 of 1st period - Tyler Seguin wins face-off versus Derek Stepan in Capitals zone.
12:15 of 1st period - Tyler Seguin is hit by Derek Stepan.
13:14 of 1st period - Slapshot by Erik Haula.
13:14 of 1st period - Shot Blocked by Christian Ehrhoff.
13:30 of 1st period - Tyler Myers is hit by Jay Beagle and loses puck.
13:53 of 1st period - Wrist shot by Tyler Seguin.
13:53 of 1st period - Shot Hit the Post.
14:11 of 1st period - Snap shot by Derek Roy.
14:11 of 1st period - Stopped by Craig Anderson without a rebound.
14:12 of 1st period - Tyler Seguin wins face-off versus Derek Roy in Capitals zone.
14:23 of 1st period - Slapshot by Dan Boyle.
14:23 of 1st period - Shot Blocked by Derek Roy.
15:42 of 1st period - Michael Rupp is hit by Matt Carle and loses puck.
16:06 of 1st period - Snap shot by Michael Rupp.
16:06 of 1st period - Shot Misses the Net.
16:16 of 1st period - Wrist shot by Michael Rupp.
16:16 of 1st period - Shot Blocked by Patrick Marleau.
16:18 of 1st period - Slapshot by Tyler Myers.
16:18 of 1st period - Stopped by Craig Anderson without a rebound.
16:19 of 1st period - Brian Boyle wins face-off versus Derek Stepan in Capitals zone.
16:32 of 1st period - Snap shot by Marcus Johansson.
16:32 of 1st period - Stopped by Craig Anderson with a rebound.
16:34 of 1st period - Slapshot by Marco Scandella.
16:34 of 1st period - Shot Blocked by T.J. Oshie.
16:49 of 1st period - Snap shot by Paul Martin.
16:49 of 1st period - Shot Blocked by Tyler Myers.
16:51 of 1st period - Snap shot by Brian Boyle.
16:51 of 1st period - Shot Blocked by Josh Bailey.
16:53 of 1st period - Snap shot by T.J. Oshie.
16:53 of 1st period - Shot Misses the Net.
17:03 of 1st period - Tyler Myers is hit by Brian Boyle and loses puck.
17:10 of 1st period - Snap shot by T.J. Oshie.
17:10 of 1st period - Shot Misses the Net.
17:12 of 1st period - Snap shot by Christian Ehrhoff.
17:12 of 1st period - Shot Misses the Net.
17:14 of 1st period - Slapshot by Erik Karlsson.
17:14 of 1st period - Stopped by Jacob Markstrom without a rebound.
17:15 of 1st period - Joe Thornton wins face-off versus Derek Roy in Jets zone.
17:18 of 1st period - Snap shot by Patrick Marleau.
17:18 of 1st period - Shot Misses the Net.
17:27 of 1st period - Off-side.
17:28 of 1st period - Joe Thornton wins face-off versus Derek Stepan in neutral zone.
17:50 of 1st period - Icing by Erik Karlsson.
17:51 of 1st period - Derek Roy wins face-off versus Tyler Seguin in Capitals zone.
17:52 of 1st period - Wrist shot by Benoit Pouliot.
17:52 of 1st period - Shot Blocked by Christian Ehrhoff.
18:28 of 1st period - Snap shot by Benoit Pouliot.
18:28 of 1st period - Stopped by Craig Anderson without a rebound.
18:29 of 1st period - Joe Thornton wins face-off versus Derek Stepan in Capitals zone.
18:34 of 1st period - Snap shot by Dan Boyle.
18:34 of 1st period - Shot Misses the Net.
18:51 of 1st period - Minor Penalty to Jaromir Jagr for Cross-checking.
18:52 of 1st period - Shane Doan wins face-off versus Derek Roy in Capitals zone.
18:52 of 1st period - Shane Doan is hit by Benoit Pouliot.
19:28 of 1st period - Snap shot by Marcus Johansson.
19:28 of 1st period - Shot Blocked by Joe Thornton.
Goals for this period are 1 for Jets vs 2 for Capitals.
Shots for this period are 9 for Jets vs 6 for Capitals.
2nd period
0:01 of 2nd period - Joe Thornton wins face-off versus Derek Roy in neutral zone.
0:04 of 2nd period - Slapshot by Paul Martin.
0:04 of 2nd period - Stopped by Jacob Markstrom without a rebound.
0:05 of 2nd period - Derek Roy wins face-off versus Joe Thornton in Jets zone.
0:42 of 2nd period - Wrist shot by Derek Stepan.
0:42 of 2nd period - Goal by Derek Stepan - Jets : 2 - Capitals : 2.
0:43 of 2nd period - Derek Roy wins face-off versus Joe Thornton in neutral zone.
0:52 of 2nd period - Wrist shot by Benoit Pouliot.
0:52 of 2nd period - Shot Misses the Net.
0:54 of 2nd period - Slapshot by Marco Scandella.
0:54 of 2nd period - Deflect By Paul Martin.
0:54 of 2nd period - Stopped by Craig Anderson with a rebound.
1:07 of 2nd period - Icing by Patrick Marleau.
1:08 of 2nd period - Derek Stepan wins face-off versus Joe Thornton in Capitals zone.
2:22 of 2nd period - Snap shot by James Wright.
2:22 of 2nd period - Shot Blocked by Christian Ehrhoff.
2:51 of 2nd period - Snap shot by Mats Zuccarello.
2:51 of 2nd period - Deflect By Artemi Panarin.
2:51 of 2nd period - Shot Blocked by Marco Scandella.
2:51 of 2nd period - Puck is out of play.
2:52 of 2nd period - Derek Roy wins face-off versus Joe Thornton in Jets zone.
3:07 of 2nd period - Snap shot by Dustin Brown.
3:07 of 2nd period - Goal by Dustin Brown - Jets : 3 - Capitals : 2.
3:08 of 2nd period - Derek Stepan wins face-off versus Joe Thornton in neutral zone.
3:11 of 2nd period - Snap shot by Lee Stempniak.
3:11 of 2nd period - Shot Misses the Net.
3:19 of 2nd period - Wrist shot by Joe Thornton.
3:19 of 2nd period - Stopped by Jacob Markstrom without a rebound.
3:20 of 2nd period - Derek Roy wins face-off versus Joe Thornton in Jets zone.
3:29 of 2nd period - Snap shot by Benoit Pouliot.
3:29 of 2nd period - Shot Misses the Net.
3:31 of 2nd period - Wrist shot by Derek Roy.
3:31 of 2nd period - Stopped by Craig Anderson with a rebound.
3:33 of 2nd period - Wrist shot by Dustin Brown.
3:33 of 2nd period - Shot Blocked by Dan Boyle.
3:35 of 2nd period - Slapshot by Dustin Brown.
3:35 of 2nd period - Shot Blocked by Jaromir Jagr.
3:37 of 2nd period - Wrist shot by Benoit Pouliot.
3:37 of 2nd period - Shot Misses the Net.
3:52 of 2nd period - Slapshot by Mats Zuccarello.
3:52 of 2nd period - Stopped by Jacob Markstrom with a rebound.
4:14 of 2nd period - Wrist shot by Jay Beagle.
4:14 of 2nd period - Deflect By Mike Hoffman.
4:14 of 2nd period - Shot Misses the Net.
4:14 of 2nd period - Puck is out of play.
4:15 of 2nd period - Derek Roy wins face-off versus Jay Beagle in Jets zone.
4:32 of 2nd period - Wrist shot by Shane Doan.
4:32 of 2nd period - Stopped by Jacob Markstrom with a rebound.
4:40 of 2nd period - Wrist shot by Shane Doan.
4:40 of 2nd period - Shot Misses the Net.
4:48 of 2nd period - Matt Carle is hit by Marcus Johansson and loses puck.
5:03 of 2nd period - Anton Volchenkov is hit by Chris Phillips.
6:43 of 2nd period - Snap shot by Shane Doan.
6:43 of 2nd period - Stopped by Jacob Markstrom with a rebound.
6:45 of 2nd period - Slapshot by Dan Boyle.
6:45 of 2nd period - Shot Blocked by James Wright.
7:49 of 2nd period - Slapshot by Erik Haula.
7:49 of 2nd period - Stopped by Craig Anderson with a rebound.
8:16 of 2nd period - Slapshot by Chris Phillips.
8:16 of 2nd period - Deflect By James Wright.
8:16 of 2nd period - Stopped by Jacob Markstrom with a rebound.
8:18 of 2nd period - Wrist shot by Jaromir Jagr.
8:18 of 2nd period - Deflect By Patrick Marleau.
8:18 of 2nd period - Shot Blocked by Kevin Klein.
8:18 of 2nd period - Puck is out of play.
8:19 of 2nd period - Tyler Seguin wins face-off versus Derek Roy in Jets zone.
8:22 of 2nd period - Slapshot by Artemi Panarin.
8:22 of 2nd period - Stopped by Jacob Markstrom with a rebound.
8:24 of 2nd period - Snap shot by Mats Zuccarello.
8:24 of 2nd period - Stopped by Jacob Markstrom with a rebound.
8:26 of 2nd period - Slapshot by Tyler Seguin.
8:26 of 2nd period - Shot Misses the Net.
8:28 of 2nd period - Wrist shot by Artemi Panarin.
8:28 of 2nd period - Deflect By Tyler Seguin.
8:28 of 2nd period - Stopped by Jacob Markstrom without a rebound.
8:29 of 2nd period - Benoit Pouliot wins face-off versus Mats Zuccarello in Jets zone.
8:38 of 2nd period - Wrist shot by Dustin Brown.
8:38 of 2nd period - Shot Blocked by Chris Phillips.
8:56 of 2nd period - Snap shot by Mats Zuccarello.
8:56 of 2nd period - Stopped by Jacob Markstrom without a rebound.
8:57 of 2nd period - Joe Thornton wins face-off versus Derek Stepan in Jets zone.
9:53 of 2nd period - Slapshot by Dustin Brown.
9:53 of 2nd period - Shot Misses the Net.
9:55 of 2nd period - Wrist shot by Derek Roy.
9:55 of 2nd period - Deflect By Dustin Brown.
9:55 of 2nd period - Shot Misses the Net.
9:55 of 2nd period - Puck is out of play.
9:56 of 2nd period - Joe Thornton wins face-off versus Marcus Johansson in Capitals zone.
10:11 of 2nd period - Wrist shot by Joe Thornton.
10:11 of 2nd period - Shot Misses the Net.
11:59 of 2nd period - Slapshot by Artemi Panarin.
11:59 of 2nd period - Stopped by Jacob Markstrom with a rebound.
12:01 of 2nd period - Wrist shot by Tyler Seguin.
12:01 of 2nd period - Shot Misses the Net.
13:00 of 2nd period - Snap shot by T.J. Oshie.
13:00 of 2nd period - Shot Misses the Net.
13:02 of 2nd period - Minor Penalty to Marcus Johansson for Interference.
13:03 of 2nd period - Derek Roy wins face-off versus Joe Thornton in Jets zone.
13:18 of 2nd period - Snap shot by Joe Thornton.
13:18 of 2nd period - Stopped by Jacob Markstrom without a rebound.
13:19 of 2nd period - Derek Roy wins face-off versus Joe Thornton in Jets zone.
13:28 of 2nd period - Wrist shot by Erik Haula.
13:28 of 2nd period - Stopped by Craig Anderson without a rebound.
13:29 of 2nd period - Joe Thornton wins face-off versus Derek Roy in Capitals zone.
13:36 of 2nd period - Derek Roy is hit by Patrick Marleau and loses puck.
13:53 of 2nd period - Snap shot by Paul Martin.
13:53 of 2nd period - Shot Blocked by Tyler Myers.
13:55 of 2nd period - Snap shot by Joe Thornton.
13:55 of 2nd period - Goal by Joe Thornton - Jets : 3 - Capitals : 3.
13:56 of 2nd period - Patrick Marleau wins face-off versus Derek Roy in neutral zone.
13:59 of 2nd period - Snap shot by Paul Martin.
13:59 of 2nd period - Deflect By Jaromir Jagr.
13:59 of 2nd period - Stopped by Jacob Markstrom with a rebound.
14:01 of 2nd period - Snap shot by Joe Thornton.
14:01 of 2nd period - Shot Misses the Net.
14:12 of 2nd period - Icing by Tyler Myers.
14:13 of 2nd period - Derek Roy wins face-off versus Tyler Seguin in Jets zone.
14:13 of 2nd period - Derek Roy is hit by Artemi Panarin.
14:41 of 2nd period - Snap shot by Marcus Johansson.
14:41 of 2nd period - Shot Misses the Net.
14:43 of 2nd period - Slapshot by Marco Scandella.
14:43 of 2nd period - Shot Blocked by Dan Boyle.
14:45 of 2nd period - Snap shot by Lee Stempniak.
14:45 of 2nd period - Stopped by Craig Anderson with a rebound.
15:01 of 2nd period - Wrist shot by T.J. Oshie.
15:01 of 2nd period - Stopped by Jacob Markstrom with a rebound.
15:12 of 2nd period - Off-side.
15:13 of 2nd period - Tyler Seguin wins face-off versus James Wright in neutral zone.
15:16 of 2nd period - Wrist shot by Mats Zuccarello.
15:16 of 2nd period - Goal by Mats Zuccarello - Jets : 3 - Capitals : 4.
15:17 of 2nd period - Derek Roy wins face-off versus Joe Thornton in neutral zone.
15:42 of 2nd period - Mats Zuccarello is hit by Lee Stempniak and loses puck.
16:53 of 2nd period - Snap shot by Benoit Pouliot.
16:53 of 2nd period - Stopped by Craig Anderson without a rebound.
16:54 of 2nd period - Tyler Seguin wins face-off versus Derek Stepan in Capitals zone.
16:54 of 2nd period - Tyler Seguin is hit by Tyler Myers.
17:02 of 2nd period - Slapshot by Derek Stepan.
17:02 of 2nd period - Shot Blocked by Mats Zuccarello.
17:04 of 2nd period - Snap shot by Derek Stepan.
17:04 of 2nd period - Shot Misses the Net.
17:06 of 2nd period - Wrist shot by Marcus Johansson.
17:06 of 2nd period - Shot Misses the Net.
17:08 of 2nd period - Wrist shot by Derek Stepan.
17:08 of 2nd period - Shot Hit the Post.
17:22 of 2nd period - Wrist shot by Paul Martin.
17:22 of 2nd period - Shot Blocked by Marco Scandella.
17:24 of 2nd period - Snap shot by Joe Thornton.
17:24 of 2nd period - Deflect By Jaromir Jagr.
17:24 of 2nd period - Shot Misses the Net.
17:24 of 2nd period - Puck is out of play.
17:25 of 2nd period - Joe Thornton wins face-off versus Derek Roy in Jets zone.
17:46 of 2nd period - Snap shot by Jaromir Jagr.
17:46 of 2nd period - Shot Blocked by Eric Gelinas.
18:06 of 2nd period - Snap shot by Derek Roy.
18:06 of 2nd period - Deflect By Benoit Pouliot.
18:06 of 2nd period - Stopped by Craig Anderson without a rebound.
18:07 of 2nd period - Tyler Seguin wins face-off versus Derek Stepan in Capitals zone.
18:36 of 2nd period - Anton Volchenkov is hit by Paul Martin.
19:09 of 2nd period - Minor Penalty to Eric Fehr for Slashing.
19:10 of 2nd period - Derek Roy wins face-off versus Joe Thornton in Jets zone.
Goals for this period are 2 for Jets vs 2 for Capitals.
Shots for this period are 9 for Jets vs 16 for Capitals.
3rd period
0:01 of 3rd period - Patrick Marleau wins face-off versus Derek Roy in neutral zone.
0:06 of 3rd period - Snap shot by Paul Martin.
0:06 of 3rd period - Shot Blocked by Erik Haula.
0:32 of 3rd period - Travis Hamonic is hit by Tyler Seguin and loses puck.
0:39 of 3rd period - Slapshot by Mats Zuccarello.
0:39 of 3rd period - Stopped by Jacob Markstrom without a rebound.
0:40 of 3rd period - Derek Roy wins face-off versus Joe Thornton in Jets zone.
0:40 of 3rd period - Derek Roy is hit by Dan Boyle.
1:09 of 3rd period - Penalty to Eric Fehr is over, Eric Fehr is back on ice.
1:29 of 3rd period - Wrist shot by Benoit Pouliot.
1:29 of 3rd period - Shot Blocked by Dan Boyle.
1:39 of 3rd period - Slapshot by Dan Boyle.
1:39 of 3rd period - Stopped by Jacob Markstrom with a rebound.
1:41 of 3rd period - Wrist shot by Chris Kunitz.
1:41 of 3rd period - Stopped by Jacob Markstrom without a rebound.
1:42 of 3rd period - Derek Stepan wins face-off versus Joe Thornton in Jets zone.
1:58 of 3rd period - Snap shot by Derek Stepan.
1:58 of 3rd period - Stopped by Craig Anderson with a rebound.
2:05 of 3rd period - Icing by Erik Karlsson.
2:06 of 3rd period - Joe Thornton wins face-off versus Derek Roy in Capitals zone.
2:11 of 3rd period - Snap shot by Mikko Koivu.
2:11 of 3rd period - Shot Blocked by Patrick Marleau.
2:19 of 3rd period - Backhand shot by Marco Scandella.
2:19 of 3rd period - Stopped by Craig Anderson with a rebound.
2:33 of 3rd period - Patrick Marleau is hit by Marcus Johansson and loses puck.
2:47 of 3rd period - Snap shot by Joe Thornton.
2:47 of 3rd period - Shot Misses the Net.
3:15 of 3rd period - Snap shot by Patrick Marleau.
3:15 of 3rd period - Stopped by Jacob Markstrom with a rebound.
3:37 of 3rd period - Wrist shot by Jaromir Jagr.
3:37 of 3rd period - Stopped by Jacob Markstrom with a rebound.
3:39 of 3rd period - Snap shot by Jaromir Jagr.
3:39 of 3rd period - Shot Blocked by Tyler Myers.
3:41 of 3rd period - Slapshot by Patrick Marleau.
3:41 of 3rd period - Shot Blocked by Tyler Myers.
3:43 of 3rd period - Snap shot by Matt Carle.
3:43 of 3rd period - Shot Blocked by Tyler Myers.
3:45 of 3rd period - Snap shot by Joe Thornton.
3:45 of 3rd period - Shot Misses the Net.
3:47 of 3rd period - Slapshot by Joe Thornton.
3:47 of 3rd period - Stopped by Jacob Markstrom with a rebound.
3:49 of 3rd period - Slapshot by Paul Martin.
3:49 of 3rd period - Shot Blocked by Marco Scandella.
4:03 of 3rd period - Wrist shot by Joe Thornton.
4:03 of 3rd period - Stopped by Jacob Markstrom without a rebound.
4:04 of 3rd period - Tyler Seguin wins face-off versus Derek Stepan in Jets zone.
4:32 of 3rd period - Snap shot by T.J. Oshie.
4:32 of 3rd period - Stopped by Jacob Markstrom with a rebound.
4:34 of 3rd period - Snap shot by Brian Boyle.
4:34 of 3rd period - Stopped by Jacob Markstrom with a rebound.
4:42 of 3rd period - Wrist shot by Chris Kunitz.
4:42 of 3rd period - Stopped by Jacob Markstrom without a rebound.
4:43 of 3rd period - Shane Doan wins face-off versus Derek Stepan in Jets zone.
4:46 of 3rd period - Snap shot by Shane Doan.
4:46 of 3rd period - Goal by Shane Doan - Jets : 3 - Capitals : 5.
4:47 of 3rd period - Derek Roy wins face-off versus Tyler Seguin in neutral zone.
5:11 of 3rd period - Minor Penalty to Dan Boyle for Slashing.
5:12 of 3rd period - Derek Roy wins face-off versus Jaromir Jagr in Capitals zone.
7:11 of 3rd period - Penalty to Dan Boyle is over, Dan Boyle is back on ice.
7:18 of 3rd period - Snap shot by T.J. Oshie.
7:18 of 3rd period - Stopped by Jacob Markstrom without a rebound.
7:19 of 3rd period - Brian Boyle wins face-off versus James Wright in Jets zone.
7:45 of 3rd period - Off-side.
7:46 of 3rd period - Tyler Seguin wins face-off versus Mikko Koivu in neutral zone.
7:49 of 3rd period - Marco Scandella is hit by Mats Zuccarello and loses puck.
8:00 of 3rd period - Wrist shot by Artemi Panarin.
8:00 of 3rd period - Stopped by Jacob Markstrom without a rebound.
8:01 of 3rd period - Joe Thornton wins face-off versus Derek Stepan in Jets zone.
8:32 of 3rd period - Snap shot by Derek Roy.
8:32 of 3rd period - Deflect By Mats Zuccarello.
8:32 of 3rd period - Shot Blocked by Dan Boyle.
8:32 of 3rd period - Puck is out of play.
8:33 of 3rd period - Derek Roy wins face-off versus Tyler Seguin in Capitals zone.
8:46 of 3rd period - Slapshot by Benoit Pouliot.
8:46 of 3rd period - Stopped by Craig Anderson with a rebound.
8:48 of 3rd period - Snap shot by Derek Roy.
8:48 of 3rd period - Shot Misses the Net.
8:50 of 3rd period - Snap shot by Dustin Brown.
8:50 of 3rd period - Stopped by Craig Anderson with a rebound.
9:27 of 3rd period - Snap shot by Chris Kunitz.
9:27 of 3rd period - Stopped by Jacob Markstrom with a rebound.
9:29 of 3rd period - Snap shot by Chris Kunitz.
9:29 of 3rd period - Deflect By Mikko Koivu.
9:29 of 3rd period - Stopped by Jacob Markstrom with a rebound.
9:31 of 3rd period - Slapshot by Christian Ehrhoff.
9:31 of 3rd period - Stopped by Jacob Markstrom without a rebound.
9:32 of 3rd period - Tyler Seguin wins face-off versus Derek Roy in Jets zone.
9:46 of 3rd period - Benoit Pouliot is hit by Dan Boyle and loses puck.
10:27 of 3rd period - Slapshot by Mikko Koivu.
10:27 of 3rd period - Stopped by Craig Anderson with a rebound.
10:29 of 3rd period - Slapshot by Anton Volchenkov.
10:29 of 3rd period - Stopped by Craig Anderson without a rebound.
10:30 of 3rd period - Derek Roy wins face-off versus Jaromir Jagr in Capitals zone.
10:33 of 3rd period - Snap shot by Dustin Brown.
10:33 of 3rd period - Stopped by Craig Anderson without a rebound.
10:34 of 3rd period - Joe Thornton wins face-off versus Derek Roy in Capitals zone.
10:40 of 3rd period - Icing by Christian Ehrhoff.
10:41 of 3rd period - Joe Thornton wins face-off versus Derek Stepan in Capitals zone.
10:46 of 3rd period - Slapshot by Lee Stempniak.
10:46 of 3rd period - Stopped by Craig Anderson with a rebound.
11:17 of 3rd period - Snap shot by Patrick Marleau.
11:17 of 3rd period - Goal by Patrick Marleau - Jets : 3 - Capitals : 6.
11:18 of 3rd period - Derek Roy wins face-off versus Tyler Seguin in neutral zone.
11:26 of 3rd period - Off-side.
11:27 of 3rd period - Derek Roy wins face-off versus Tyler Seguin in neutral zone.
12:48 of 3rd period - Slapshot by Paul Martin.
12:48 of 3rd period - Shot Blocked by Marco Scandella.
13:03 of 3rd period - Icing by Artemi Panarin.
13:04 of 3rd period - Mats Zuccarello wins face-off versus Derek Stepan in Capitals zone.
13:58 of 3rd period - Snap shot by James Wright.
13:58 of 3rd period - Stopped by Craig Anderson without a rebound.
13:59 of 3rd period - Brian Boyle wins face-off versus James Wright in Capitals zone.
14:01 of 3rd period - Minor Penalty to Matt Carle for High sticking.
14:02 of 3rd period - Joe Thornton wins face-off versus Derek Stepan in Capitals zone.
14:22 of 3rd period - Christian Ehrhoff is hit by Mikko Koivu and loses puck.
14:51 of 3rd period - Benoit Pouliot is hit by Shane Doan and loses puck.
16:01 of 3rd period - Penalty to Matt Carle is over, Matt Carle is back on ice.
16:06 of 3rd period - Snap shot by Shane Doan.
16:06 of 3rd period - Shot Misses the Net.
16:18 of 3rd period - Slapshot by Dan Boyle.
16:18 of 3rd period - Stopped by Jacob Markstrom with a rebound.
17:21 of 3rd period - Icing by Tyler Myers.
17:22 of 3rd period - Jay Beagle wins face-off versus Mikko Koivu in Jets zone.
17:52 of 3rd period - Slapshot by Artemi Panarin.
17:52 of 3rd period - Stopped by Jacob Markstrom without a rebound.
17:53 of 3rd period - Joe Thornton wins face-off versus Derek Roy in Jets zone.
18:06 of 3rd period - Snap shot by Benoit Pouliot.
18:06 of 3rd period - Deflect By Dustin Brown.
18:06 of 3rd period - Shot Blocked by Joe Thornton.
18:06 of 3rd period - Puck is out of play.
18:07 of 3rd period - Derek Stepan wins face-off versus Joe Thornton in Capitals zone.
18:10 of 3rd period - Snap shot by Lee Stempniak.
18:10 of 3rd period - Stopped by Craig Anderson with a rebound.
18:32 of 3rd period - Artemi Panarin is hit by Dustin Brown and loses puck.
18:45 of 3rd period - Snap shot by Derek Roy.
18:45 of 3rd period - Deflect By Benoit Pouliot.
18:45 of 3rd period - Stopped by Craig Anderson without a rebound.
18:46 of 3rd period - Joe Thornton wins face-off versus Mikko Koivu in Capitals zone.
18:59 of 3rd period - Snap shot by Mikko Koivu.
18:59 of 3rd period - Stopped by Craig Anderson without a rebound.
19:00 of 3rd period - Joe Thornton wins face-off versus Lee Stempniak in Capitals zone.
19:07 of 3rd period - Backhand shot by Derek Stepan.
19:07 of 3rd period - Stopped by Craig Anderson without a rebound.
19:08 of 3rd period - Joe Thornton wins face-off versus Derek Stepan in Capitals zone.
19:39 of 3rd period - Wrist shot by Chris Kunitz.
19:39 of 3rd period - Shot Blocked by Derek Stepan.
19:41 of 3rd period - Snap shot by T.J. Oshie.
19:41 of 3rd period - Stopped by Jacob Markstrom without a rebound.
19:42 of 3rd period - Derek Roy wins face-off versus Joe Thornton in Jets zone.
19:53 of 3rd period - Snap shot by Derek Roy.
19:53 of 3rd period - Shot Misses the Net.
19:55 of 3rd period - Slapshot by Travis Hamonic.
19:55 of 3rd period - Stopped by Craig Anderson with a rebound.
19:57 of 3rd period - Slapshot by Travis Hamonic.
19:57 of 3rd period - Shot Misses the Net.
19:59 of 3rd period - Slapshot by Travis Hamonic.
19:59 of 3rd period - Shot Blocked by Joe Thornton.
Goals for this period are 0 for Jets vs 2 for Capitals.
Shots for this period are 14 for Jets vs 20 for Capitals.
Back to the Top